Map: Ulrena

Players

zidar

  • Race: Zerg Zerg
  • League: Gold
  • Spawn Location: 11:00

karpidis - Winner!

  • Race: Terran Terran
  • League: Gold
  • Spawn Location: 7:00

VOD

Have the link to the VOD?

Description

Time

  • Played on: June 7, 2016, 3:14 p.m.
  • Length: 10:58
Show
View Real Time Build Order
Export as new Build Order

zidar Zerg 

Build Orders: Hatch First 

Get SALT Encoding   

  12  0:01  Drone  
  13  0:13  Overlord  
  13  0:17  Drone  
  14  0:31  Drone x2  
  16  0:36  Drone  
  16  1:37  Hatchery, Spawning Pool  
  16  1:39  Extractor, Drone x3  
  16  1:40  Extractor  
  15  2:07  Drone x2  
  18  2:30  Hatchery  
  18  2:32  Roach Warren  
  18  2:33  Overlord x2  
  17  3:05  Queen  
  16  3:12  Roach x3  
  24  3:26  Roach  
  26  3:34  Ravager x2  
  26  3:35  Ravager  
  26  3:39  Roach  
  31  3:47  Roach  
  33  4:07  Roach x2  
  27  5:45  Roach x3  
  33  6:04  Evolution Chamber  
  32  6:26  Pneumatized Carapace  
  32  6:27  Hatchery  
  33  6:40  Roach x3  
  33  6:42  Zerg Missile Weapons Level 1  
  37  7:29  Overlord x2  
  37  7:30  Overlord x2  
  37  7:56  Roach x8  
  28  9:47  Roach  
  28  9:48  Roach x3  
  36  9:55  Ravager  
  37  10:00  Roach x4  
Show
View Real Time Build Order
Export as new Build Order

karpidis Terran - Winner!

Build Orders:  

Get SALT Encoding   

  12  0:02  SCV  
  13  0:14  SCV  
  13  0:18  Supply Depot  
  14  0:26  SCV  
  15  0:33  Supply Depot  
  15  0:46  Barracks  
  15  0:53  SCV  
  16  1:07  Supply Depot  
  16  1:12  SCV  
  17  1:20  Refinery  
  17  1:30  SCV  
  18  1:34  Marine  
  18  1:36  Supply Depot  
  19  1:42  Bunker  
  19  1:49  Barracks  
  19  1:57  Marine  
  20  2:04  SCV  
  21  2:14  Marine  
  22  2:45  Command Center  
  22  2:46  Barracks Reactor  
  22  2:52  SCV  
  22  2:53  Marine  
  24  3:08  Command Center  
  24  3:23  SCV  
  24  3:24  Marine  
  24  3:26  Marine  
  24  3:27  Marine  
  28  3:44  Marine x2  
  27  3:57  Barracks Tech Lab  
  27  3:59  Orbital Command  
  27  4:05  Marine  
  27  4:06  Marine  
  29  4:10  Refinery  
  29  4:16  Engineering Bay  
  29  4:18  SCV  
  30  4:47  Planetary Fortress  
  30  4:55  Marine x2  
  21  5:29  Hi-Sec Auto Tracking  
  21  5:34  SCV  
  19  5:46  SCV  
  20  6:05  SCV x3  
  23  6:17  SCV x3  
  26  6:27  Marine x2  
  26  6:29  SCV x3  
  26  6:31  Barracks Tech Lab  
  31  6:41  SCV x2  
  31  6:42  SCV  
  31  6:44  Marine  
  31  6:45  Marine  
  36  6:53  SCV x2  
  36  6:54  SCV  
  39  7:01  Bunker  
  39  7:02  Marine  
  39  7:04  Supply Depot  
  40  7:13  Factory  
  40  7:14  Concussive Shells  
  40  7:18  Orbital Command  
  40  7:20  SCV x2  
  42  7:24  Marine x2  
  44  7:32  SCV x2  
  46  7:42  Marauder  
  48  7:44  SCV x2  
  50  7:56  SCV x2  
  49  8:08  SCV x2  
  44  8:16  Factory Tech Lab  
  44  8:17  Starport  
  42  8:20  SCV x2  
  42  8:23  Starport  
  42  8:24  Marine x2  
  46  8:32  SCV x2  
  48  8:36  Siege Tank  
  51  8:42  Marine x2  
  53  8:53  Barracks Tech Lab  
  53  8:54  Supply Depot  
  53  8:57  Refinery x2  
  53  9:04  Starport Tech Lab  
  53  9:05  Starport Tech Lab  
  53  9:15  Marine x2  
  50  9:33  Marine x2  
  50  9:35  Cloaking Field  
  50  9:37  Supply Depot  
  52  9:59  Supply Depot, Banshee x2  
  57  10:20  Orbital Command  
  57  10:25  Barracks Tech Lab  
  57  10:35  SCV  
Tags
 
League
GoldGold
Matchup
TvZ
Spawn Locations
Close Positions
Add a new tag
Caveats
  • Supply blocks, unpowered buildings, or Contaminate may cause inaccurate times.
  • Supply counts are checked every 10 seconds.